 Dungeon Crawl Stone Soup version 0.30-a0-913-g9934a0ce24 (webtiles) character file.

Game seed: 13144511581963856769

215 Pimp the Digger (level 5, -1/29 HPs)
             Began as a Gargoyle Earth Elementalist on Mar 19, 2023.
             Slain by an ogre
             ... wielding a +0 giant club
              (20 damage)
             ... on level 4 of the Dungeon.
             The game lasted 00:08:07 (2671 turns).

Pimp the Digger (Gargoyle Earth Elementalist)       Turns: 2671, Time: 00:08:07

Health: -1/29      AC:  6    Str: 11    XL:     5   Next: 92%
Magic:  5/9        EV: 12    Int: 18    God:
Gold:   819        SH:  0    Dex: 10    Spells: 8/9 levels left

rFire   + . .      SeeInvis .    h - staff of conjuration
rCold   . . .      Faith    .    (no shield)
rNeg    + . .      Spirit   .    a - +0 robe
rPois   ∞          Reflect  .    (no helmet)
rElec   +          Rampage  .    r - scarf {+Inv}
rCorr   .                        (no gloves)
Will    .....                    (no boots)
Stlth   ++                       g - amulet of the acrobat
HPRegen 0.24/turn                l - ring of protection from fire
MPRegen 0.11/turn                (no ring)

@: about to teleport
A: sickness immunity, AC +4, negative energy resistance 1, electricity
resistance, torment resistance 1, petrification resistance
a: Evoke Invisibility


You were on level 4 of the Dungeon.
You visited 1 branch of the dungeon, and saw 4 of its levels.

You collected 819 gold pieces.

Inventory:

Hand Weapons
 f - a +0 mace
 n - a +4 dagger of speed
Armour
 a - a +0 robe (worn)
 m - a +0 leather armour
 r - a scarf of invisibility (worn)
Magical Staves
 h - a staff of conjuration (weapon)
Jewellery
 g - an amulet of the acrobat (around neck)
 l - a ring of protection from fire (left hand)
Scrolls
 d - a scroll of enchant armour {unknown}
 j - a scroll of magic mapping {unknown}
 p - a scroll of poison {unknown}
 q - a scroll of torment {unknown}
 s - a scroll of teleportation
 t - a scroll of butterflies {unknown}
Potions
 b - a potion of magic
 c - 2 potions of curing
 e - 2 potions of brilliance
 i - a potion of invisibility
 k - a potion of might {unknown}
 o - 3 potions of ambrosia {unknown}


   Skills:
 + Level 1.6 Fighting
 + Level 0.5 Staves
 + Level 2.3 Dodging
 + Level 3.3 Stealth
 + Level 2.8 Spellcasting
 + Level 1.6 Conjurations
 + Level 1.7 Transmutations
 + Level 4.4 Earth Magic


You had 8 spell levels left.
You knew the following spells:

 Your Spells              Type           Power      Damage    Failure   Level
a - Sandblast             Erth           36%        2d10      2%          1

Your spell library contained the following spells:

 Spells                   Type           Power      Damage    Failure   Level
 Passwall                 Tmut/Erth      10%        N/A       7%          2
 Shock                    Conj/Air       32%        1d5       12%         1
 Stone Arrow              Conj/Erth      40%        3d9       14%         3
 Petrify                  Tmut/Erth      13%        N/A       41%         4
 Swiftness                Air            2%         N/A       45%         3
 Airstrike                Air            1%         2d(1-17)  86%         4


Dungeon Overview and Level Annotations

Branches:
Dungeon (4/15)
 Temple: D:4-7

Altars:


Innate Abilities, Weirdness & Mutations

You are immune to sickness and miasma.
Your stone body is resilient. (AC +4)
You are immune to poison.
You resist negative energy. (rN+)
You are resistant to electric shocks. (rElec)
You are resistant to unholy torment.
You are immune to petrification.


Message History

Magic restored.
Things that are here:
a +0 flail; a +0 leather armour
As you read the scroll of identify, it crumbles to dust.
c - 3 potions of curing
Casting: Sandblast (safe; 2% risk of failure)
Confirm with . or Enter, or press ? or * to list all spells.
Aiming: Sandblast (safe; 2% risk of failure)
Press: ? - help, Shift-Dir - straight line, f - ogre
Aim: an ogre, wielding a +0 giant club (wandering, hasn't noticed you, 91% to hit)
The blast of sand misses the ogre.
The ogre shouts!
Casting: Sandblast (safe; 2% risk of failure)
Confirm with . or Enter, or press ? or * to list all spells.
Aiming: Sandblast (safe; 2% risk of failure)
Press: ? - help, Shift-Dir - straight line, f/p - ogre
Aim: an ogre, wielding a +0 giant club (91% to hit)
The blast of sand misses the ogre.
The ogre closely misses you.
Casting: Sandblast (safe; 2% risk of failure)
Confirm with . or Enter, or press ? or * to list all spells.
Aiming: Sandblast (safe; 2% risk of failure)
Press: ? - help, Shift-Dir - straight line, f/p - ogre
Aim: an ogre, wielding a +0 giant club (91% to hit)
The blast of sand hits the ogre.
The ogre is lightly wounded.
The ogre hits you with a +0 giant club.
Casting: Sandblast (safe; 2% risk of failure)
Confirm with . or Enter, or press ? or * to list all spells.
Aiming: Sandblast (safe; 2% risk of failure)
Press: ? - help, Shift-Dir - straight line, f/p - ogre
Aim: an ogre, wielding a +0 giant club (lightly wounded, 91% to hit)
The blast of sand misses the ogre.
The ogre hits you with a +0 giant club!
Ouch! That really hurt!
* * * LOW HITPOINT WARNING * * *
As you read the scroll of teleportation, it crumbles to dust.
You feel strangely unstable. The ogre closely misses you.
You feel better.
The ogre hits you with a +0 giant club!!
Ouch! That really hurt!
You die...

#...##......#
###...##.## #.#
..........###.####
............#.....
..........#.#..#.#
##....#..##)#..#.#
#....#.....)..#.####
#....#.###.#.......#
#....#.# #.#.#.@##.#
#.#.##.# #.#.#.O# #.
.... #......?.
###.#.#.#.# #.#....
.# #.=..... ..
...##.### # #. .#


You could see an ogre.

Vanquished Creatures
  A phantom (D:4)
  An orc priest (D:3)
  4 adders
  A worm (D:2)
  4 dart slugs (D:1)
  6 orcs
  8 ball pythons
  6 endoplasms
  3 giant cockroaches (D:1)
  2 goblins
  8 hobgoblins
  2 jackals (D:1)
  A quokka (D:4)
  3 bats
  3 frilled lizards
  4 kobolds
  4 rats
61 creatures vanquished.

Notes
Turn   | Place    | Note
-------+----------+-------------------------------------------
     0 | D:1      | Pimp the Gargoyle Earth Elementalist began the quest for
                  | the Orb.
     0 | D:1      | Reached XP level 1. HP: 10/10 MP: 3/3
    69 | D:1      | Reached skill level 1 in Transmutations
    69 | D:1      | Reached XP level 2. HP: 7/15 MP: 0/5
   376 | D:1      | Reached XP level 3. HP: 18/20 MP: 3/6
   870 | D:2      | Reached skill level 4 in Earth Magic
  1197 | D:2      | Reached skill level 1 in Fighting
  1197 | D:2      | Reached XP level 4. HP: 25/25 MP: 4/7
  1826 | D:3      | Reached skill level 1 in Conjurations
  1832 | D:3      | Reached XP level 5. HP: 29/29 MP: 4/8
  1902 | D:3      | Identified a scroll of acquirement
  1902 | D:3      | Acquired 742 gold pieces
  2460 | D:4      | Noticed a phantom
  2469 | D:4      | Killed a phantom
  2596 | D:4      | Noticed an ogre
  2671 | D:4      | Slain by an ogre

Illustrated notes

Levels and vault maps discovered:
D:1:      roderic_crossed_star, layout_rooms
D:2:      layout_loops_ring
D:3:      layout_basic
D:4:      layout_loops_cross, grunt_ashenzari_visionary
          [grunt_ashenzari_visionary_swamp, grunt_ashenzari_visionary_snake],
          chequers_garden

Skill      XL: |  1  2  3  4 |
---------------+-------------+-----
Transmutations | 1 |  1.7
Dodging        | 2 |  2.3
Earth Magic    | 4 |  4.4
Fighting       | 1 |  1.6
Stealth        | 3 |  3.3
Conjurations   | 1 |  1.6
Staves         | |  0.5
Spellcasting   | |  2.8

Action                     |  1- 3 |  4- 6 || total
---------------------------+-------+-------++-------
  Melee: Unarmed           |    16 |       ||    16
         Mace              |    13 |       ||    13
         Punch             |     3 |       ||     3
         Staff             |    21 |    34 ||    55
   Cast: Sandblast         |    42 |    38 ||    80
    Use: Scroll            |     4 |     5 ||     9
         Potion            |       |     1 ||     1
   Stab: Sleeping          |     4 |     2 ||     6
 Armour: Robe              |    18 |    15 ||    33
  Dodge: Dodged            |    86 |    40 ||   126

Table legend: (Time is in decaauts)
 A = Elapsed time spent in this place.
 B = Non-inter-level travel time spent in this place.
 C = Inter-level travel time spent in this place.
 D = Time resting spent in this place.
 E = Time spent auto-exploring this place.
 F = Levels seen in this place.
 G = Mean time per level.
                   A        B        C        D        E       F      G
               +--------+--------+--------+--------+--------+-----+--------+
         Total |   2724 |   2547 |    177 |    356 |   1522 |   4 |  681.0 |
       Dungeon |   2724 |   2547 |    177 |    356 |   1522 |   4 |  681.0 |
               +--------+--------+--------+--------+--------+-----+--------+

Top non-repeatable levels by time:
     D:1: 890 daAuts
     D:3: 810 daAuts
     D:2: 760 daAuts
     D:4: 262 daAuts
